 Dungeon Crawl Stone Soup version 0.27-a0-1559-g299f994 (webtiles) character file.

Game seed: 15013849838853473603

16 Meow the Digger (level 2, 20/20 HPs)
             Began as a Ghoul Earth Elementalist on July 15, 2021.
             Quit the game on level 1 of the Dungeon.
             The game lasted 00:02:25 (598 turns).

Meow the Digger (Ghoul Earth Elementalist)           Turns: 598, Time: 00:02:26

Health: 20/20      AC:  2    Str: 11    XL:     2   Next: 54%
Magic:  4/4        EV: 12    Int: 10    God:
Gold:   16         SH:  0    Dex:  9    Spells: 4/5 levels left

rFire    . . .     SeeInvis +   (no weapon)
rCold    + . .     Faith    .   (no shield)
rNeg     + + +     Spirit   .   b - +0 robe
rPois    ∞         Reflect  .   (no helmet)
rElec    .         Harm     .   (no cloak)
rCorr    .         Rampage  .   (no gloves)
Will     .....                  (no boots)
Stlth    ++........             (no amulet)
HPRegen  0.06/turn              f - ring of see invisible
MPRegen  0.09/turn              (no ring)

@: no status effects
A: claws 1, cold resistance 1, negative energy resistance 3, inhibited
regeneration, torment resistance 2
a: no special abilities


You were on level 1 of the Dungeon.
You visited 1 branch of the dungeon, and saw 1 of its levels.

You collected 16 gold pieces.

Inventory:

Missiles
 c - 26 stones
Armour
 b - a +0 robe (worn)
Magical Staves
 a - a staff of conjuration
Jewellery
 f - a ring of see invisible (left claw)
Scrolls
 d - a scroll of blinking {unknown}
 e - a scroll of identify {unknown}
 g - a scroll of teleportation {unknown}


   Skills:
 + Level 2.1 Dodging
 + Level 2.2 Stealth
 + Level 0.1 Unarmed Combat
 + Level 2.0 Spellcasting
 + Level 0.8 Transmutations
 + Level 3.6 Earth Magic


You had 4 spell levels left.
You knew the following spells:

 Your Spells              Type           Power      Damage    Failure   Level
a - Sandblast             Erth           16%        2d6       7%          1

Your spell library contained the following spells:

 Spells                   Type           Power      Damage    Failure   Level
 Passwall                 Tmut/Erth      4%         N/A       19%         2
 Stone Arrow              Conj/Erth      8%         3d7       41%         3
 Petrify                  Tmut/Erth      5%         N/A       77%         4


Dungeon Overview and Level Annotations

Branches:
Dungeon (1/15)

Altars:


Innate Abilities, Weirdness & Mutations

You thrive by killing the living.
You are immune to poison.
You have sharp fingernails.
Your flesh is cold resistant. (rC+)
You are immune to negative energy. (rN+++)
You do not regenerate when monsters are visible.
You are immune to unholy pain and torment.


Message History

A frilled lizard and a bat come into view.
Found a hand axe.
The helpless bat fails to defend itself.
You scratch the bat.
You kill the bat!
A hobgoblin comes into view.
You scratch the hobgoblin but do no damage.
The hobgoblin closely misses you.
You scratch the hobgoblin.
The hobgoblin is almost dead.
The hobgoblin closely misses you.
You closely miss the hobgoblin.
The hobgoblin is almost dead.
The hobgoblin hits you but does no damage.
You barely miss the hobgoblin.
The hobgoblin is almost dead.
The hobgoblin closely misses you.
You scratch the hobgoblin.
You kill the hobgoblin!
You see here a hobgoblin corpse.
A ball python comes into view.
A ball python is nearby!
The ball python hisses angrily.
You barely miss the ball python. The ball python barely misses you.
The ball python grabs you. The ball python constricts you.
You scratch the ball python.
The ball python is severely wounded.
The ball python bites you but does no damage.
The ball python constricts you.
You closely miss the ball python.
The ball python is severely wounded.
The ball python bites you but does no damage.
The ball python constricts you.
You barely miss the ball python.
The ball python is severely wounded.
The ball python barely misses you. The ball python constricts you.
You scratch the ball python.
You kill the ball python!
You feel better.
Are you sure you want to abandon this character and quit the game? (Confirm with "yes".)

#####
....######.
........#
###........
.......#
#........
.......#
#........
......# .
#....#...
......#..
###.#..# #.#
#........
....#..#.#.#
#†.....#
##..##.#.#.#
#@.....#
..##...#.#
###......#
#...#.#
#.....##.+
...#.# #.....#
#.#.###.....# #
#.....†.....#
#.##..######+##
######....>#####
.....####......#


There were no monsters in sight!

Vanquished Creatures
  An endoplasm (D:1)
  2 goblins (D:1)
  A hobgoblin (D:1)
  A kobold (D:1)
  2 ball pythons (D:1)
  5 bats (D:1)
  2 rats (D:1)
14 creatures vanquished.

Notes
Turn   | Place    | Note
-------+----------+-------------------------------------------
     0 | D:1      | Meow the Ghoul Earth Elementalist began the quest for the
                  | Orb.
     0 | D:1      | Reached XP level 1. HP: 14/14 MP: 2/2
   322 | D:1      | Found a faded altar of an unknown god.
   417 | D:1      | Reached XP level 2. HP: 20/20 MP: 4/4
   598 | D:1      | Quit the game

Illustrated notes

Levels and vault maps discovered:
D:1:      dpeg_arrival_lava_altar, layout_basic,
          hellmonk_ecumenical_altar_pennies_from_heaven, serial_bayou_pond_a,
          minmay_misc_feat_pillars, minmay_misc_feat_plants,
          corexii_corridor_pit, kennysheep_minor_cross

Skill      XL: |  1 |
---------------+----+-----
Dodging        | 2 |  2.1
Spellcasting   | 2 |  2.0
Stealth        | |  2.2
Unarmed Combat | |  0.1
Transmutations | |  0.8
Earth Magic    | |  3.6

Action                   || total
-------------------------++-------
Melee: Unarmed           ||    42
 Cast: Sandblast         ||     4
 Stab: Sleeping          ||     1
Armor: Robe              ||    16
Dodge: Dodged            ||    25

Table legend: (Time is in decaauts)
 A = Elapsed time spent in this place.
 B = Non-inter-level travel time spent in this place.
 C = Inter-level travel time spent in this place.
 D = Time resting spent in this place.
 E = Time spent auto-exploring this place.
 F = Levels seen in this place.
 G = Mean time per level.
                   A        B        C        D        E       F      G
               +--------+--------+--------+--------+--------+-----+--------+
         Total |    599 |    599 |      0 |    140 |    317 |   1 |  599.0 |
       Dungeon |    599 |    599 |      0 |    140 |    317 |   1 |  599.0 |
               +--------+--------+--------+--------+--------+-----+--------+

Top non-repeatable levels by time:
     D:1: 599 daAuts
